 Dungeon Crawl Stone Soup version 0.31-a0-774-g0d66cbabe8 (webtiles) character file.

Game seed: 13220847813180022666

3238 pokeman the Thaumaturge (level 9, -9/50 (52) HPs)
             Began as a Deep Elf Hedge Wizard on Sept 16, 2023.
             Was a Believer of Vehumet.
             Killed from afar by a steam dragon (16 damage)
             ... with a ball of steam
             ... on level 8 of the Dungeon on Sept 17, 2023.
             The game lasted 00:21:19 (8244 turns).

pokeman the Thaumaturge (Deep Elf Hedge Wizard)     Turns: 8244, Time: 00:21:20

HP:   -9/50 (52)    AC:  5    Str: 13    XL:     9   Next: 66%
MP:   25/27         EV: 13    Int: 24    God:    Vehumet [**....]
Gold: 130           SH:  0    Dex: 14    Spells: 25/33 levels left

rFire   . . .        D - +3 short sword (venom)
rCold   . . .        (no shield)
rNeg    . . .        b - +0 robe
rPois   .            c - +0 hat
rElec   .            K - scarf {repulsion}
rCorr   +            l - +2 pair of gloves
SInv    .            (no boots)
Will    .....        t - amulet of regeneration
Stlth   ++           A - ring of resist corrosion
HPRegen 1.08/turn    B - +6 ring of strength
MPRegen 0.20/turn

%: repel missiles
@: lightly drained
A: no striking features
a: Renounce Religion


You were on level 8 of the Dungeon.
You worshipped Vehumet.
Vehumet was pleased with you.
You visited 2 branches of the dungeon, and saw 9 of its levels.

You collected 461 gold pieces.
You spent 331 gold pieces at shops.

Inventory:

Hand Weapons
 w - the +4 dagger "Afrujenk" {heavy, rElec rN+}
   (You found it on level 4 of the Dungeon)

   rElec:     It insulates you from electricity.
   rN+:       It protects you from negative energy.
 D - a +3 short sword of venom (weapon)
Armour
 b - a +0 robe (worn)
 c - a +0 hat (worn)
 l - a +2 pair of gloves (worn)
 z - a +0 ring mail of cold resistance
 K - a scarf of repulsion (worn)
Jewellery
 o - an amulet of the acrobat
 t - an amulet of regeneration (around neck)
 A - a ring of resist corrosion (left hand)
 B - a +6 ring of strength (right hand)
Wands
 u - a wand of digging (4)
 E - a wand of polymorph (9)
 F - a wand of quicksilver (6)
Scrolls
 a - a scroll of noise
 f - 4 scrolls of revelation
 h - a scroll of poison
 i - a scroll of summoning
 j - 3 scrolls of vulnerability
 m - 4 scrolls of teleportation
 p - a scroll of silence {unknown}
 q - a scroll of amnesia {unknown}
 r - a scroll of enchant weapon {unknown}
 x - 3 scrolls of blinking
 y - a scroll of fog {unknown}
 C - a scroll of immolation {unknown}
 H - 2 scrolls of fear {unknown}
Potions
 d - a potion of magic
 e - a potion of resistance
 g - a potion of haste
 k - a potion of attraction
 n - a potion of ambrosia
 s - 3 potions of enlightenment
 v - a potion of curing
 G - 2 potions of heal wounds {unknown}
 I - a potion of degeneration {unknown}
 J - a potion of invisibility {unknown}


   Skills:
 - Level 4.0 Fighting
 + Level 3.0 Armour
 - Level 3.0 Dodging
 - Level 3.0 Stealth
 * Level 12.5 Spellcasting
 + Level 8.1 Conjurations
 - Level 1.1 Summonings
 - Level 1.1 Translocations
 - Level 1.0 Air Magic
 - Level 1.0 Poison Magic
 - Level 1.0 Evocations


You had 25 spell levels left.
You knew the following spells:

 Your Spells              Type           Power      Damage    Failure   Level
a - Magic Dart            Conj           100%       1d8       1%          1
b - Mephitic Cloud        Conj/Pois/Air  31%        N/A       3%          3
c - Call Imp              Summ           40%        N/A       4%          2
d - Blink                 Tloc           40%        N/A       4%          2

Your spell library contained the following spells:

 Spells                   Type           Power      Damage    Failure   Level
 Shock                    Conj/Air       100%       1d9       1%          1
 Slow                     Hex            60%        N/A       4%          1
 Cigotuvi's Dreadful Rot  Necr/Pois/Air  36%        N/A       4%          2
 Frozen Ramparts          Ice            30%        1d5       12%         3
 Petrify                  Tmut/Erth      15%        N/A       38%         4
 Metabolic Englaciation   Hex/Ice        7%         N/A       75%         5


Dungeon Overview and Level Annotations

Branches:
Dungeon (8/15)             Temple (1/1) D:4
   Lair: D:8-11

Altars:
Ashenzari
Cheibriados
Dithmenos
Fedhas
Gozag
Hepliaklqana
Makhleb
Nemelex Xobeh
Okawaru
Qazlal
Ru
Sif Muna
Trog
Uskayaw
Vehumet
Wu Jian
Xom
Yredelemnul
Zin

Shops:
D:6 ?   D:8 (


Message History

You barely miss the orc.
The orc is severely wounded.
The orc closely misses you.
You barely miss the orc.
The orc is almost dead.
You kill the orc!
Vehumet accepts your kill.
Things that are here:
a +0 hand axe; a +0 hand axe; an orc corpse
There is a stone staircase leading down here.
Things that are here:
a +0 flail; a +0 ring mail; an orc corpse You climb downwards.
The wyvern bites you!
The wyvern bites you but does no damage.
The steam dragon breathes steam at you. The ball of steam hits you!!
* * * LOW HITPOINT WARNING * * *
The wyvern barely misses you.
There is a stone staircase leading up, spattered with blood here.
Casting: Mephitic Cloud (dangerous; 3% risk of failure)
Confirm with . or Enter, or press ? or * to list all spells.
You blink.
You are engulfed in a cloud of scalding steam.
* * * LOW HITPOINT WARNING * * *
Unknown command.
The steam dragon misses you. The steam dragon claws you.
* * * LOW HITPOINT WARNING * * *
Unknown command.
The steam dragon breathes steam at you. The ball of steam hits you.
* * * LOW HITPOINT WARNING * * *
You open the door.
You are engulfed in a cloud of scalding steam.
* * * LOW HITPOINT WARNING * * *
You feel stable enough to blink again.
The wyvern is engulfed in a cloud of scalding steam.
The wyvern completely misses you. The steam dragon breathes steam at you.
The ball of steam hits you!
You die...

..## ♣..##
#...# #)§♣#
#§<§# ##.§♣#
# #§..#
#.###.#♣lD##
......'@§##
#.###.#♣## #


You could see a steam dragon (catching breath) and a wyvern.

Vanquished Creatures
  A manticore (D:6)
  Sigmund (D:3)
  2 steam dragons
  Menkaure (D:4)
  3 water moccasins
  A sky beast (D:7)
  3 ogres
  4 centaurs
  A phantom (D:5)
  Blork the orc (D:6)
  2 scorpions
  4 wights
  3 howler monkeys
  3 hounds
  A jelly (D:4)
  7 orc priests
  2 iguanas (D:6)
  3 orc wizards
  3 gnolls (D:7)
  4 adders
  2 white imps (D:7)
  4 ufetubi
  A worm (D:5)
  3 dart slugs
  25 orcs
  8 ball pythons
  9 bats
  7 endoplasms
  5 giant cockroaches
  16 goblins
  13 hobgoblins
  6 jackals
  5 kobolds
  2 quokkas (D:3)
  3 frilled lizards
  5 rats
164 creatures vanquished.

Vanquished Creatures (collateral kills)
  A water moccasin (D:7)
  An orc priest (D:7)
  An orc wizard (D:7)
  An orc (D:7)
  A jackal (D:2)
5 creatures vanquished.

Vanquished Creatures (others)
  2 hounds (D:6)
  2 orcs
4 creatures vanquished.

Grand Total: 173 creatures vanquished

Notes
Turn   | Place    | Note
-------+----------+-------------------------------------------
     0 | D:1      | pokeman the Deep Elf Hedge Wizard began the quest for the
                  | Orb.
     0 | D:1      | Reached XP level 1. HP: 10/10 MP: 7/7
   190 | D:1      | Reached XP level 2. HP: 15/15 MP: 6/9
   616 | D:1      | Reached skill level 5 in Spellcasting
  1073 | D:2      | Reached XP level 3. HP: 20/20 MP: 6/11
  1083 | D:1      | Learned a level 3 spell: Mephitic Cloud
  1086 | D:1      | Learned a level 2 spell: Call Imp
  1089 | D:1      | Learned a level 2 spell: Blink
  1122 | D:2      | Reached skill level 1 in Fighting
  1122 | D:2      | Reached skill level 1 in Armour
  1151 | D:2      | Reached XP level 4. HP: 22/25 MP: 5/13
  1556 | D:2      | Found a faded altar of an unknown god.
  2089 | D:2      | Reached skill level 6 in Spellcasting
  2094 | D:2      | Reached XP level 5. HP: 25/29 MP: 5/15
  2709 | D:3      | Noticed Sigmund
  2724 | D:3      | Killed Sigmund
  2725 | D:3      | Reached XP level 6. HP: 22/34 MP: 10/17
  3157 | D:3      | Found a stormy altar of Qazlal.
  3746 | D:4      | Found a blossoming altar of Fedhas.
  3876 | D:4      | Reached skill level 1 in Air Magic
  3929 | D:4      | Found a sparkling altar of Nemelex Xobeh.
  3965 | D:4      | Found a sacrificial altar of Ru.
  4021 | D:4      | Found an opulent altar of Gozag.
  4147 | D:4      | Identified the +4 dagger "Afrujenk" {heavy, rElec rN+}
  4207 | D:4      | Found a staircase to the Ecumenical Temple.
  4215 | Temple   | Entered the Ecumenical Temple
  4224 | Temple   | Became a worshipper of Vehumet
  4278 | D:4      | Reached skill level 1 in Poison Magic
  4421 | D:4      | Reached skill level 5 in Conjurations
  4495 | D:4      | Noticed Menkaure
  4503 | D:4      | Killed Menkaure
  4504 | D:4      | Reached skill level 7 in Spellcasting
  4504 | D:4      | Reached XP level 7. HP: 23/39 MP: 10/19
  4586 | D:5      | Entered Level 5 of the Dungeon
  4715 | D:5      | Upgraded the game from 0.31-a0-771-g505c3d19dc to
                  | 0.31-a0-774-g0d66cbabe8
  4834 | D:5      | Found a glowing silver altar of Zin.
  4995 | D:5      | Reached * piety under Vehumet
  4995 | D:5      | Offered knowledge of Kiss of Death by Vehumet.
  5014 | D:5      | Reached skill level 8 in Spellcasting
  5228 | D:5      | Reached XP level 8. HP: 44/44 MP: 7/22
  5337 | D:5      | Reached skill level 9 in Spellcasting
  5767 | D:6      | Noticed Blork the orc
  5775 | D:6      | Killed Blork the orc
  5928 | D:6      | Reached skill level 10 in Spellcasting
  5938 | D:6      | Reached skill level 1 in Evocations
  6236 | D:6      | Noticed a manticore
  6248 | D:6      | Killed a manticore
  6249 | D:6      | Reached skill level 11 in Spellcasting
  6249 | D:6      | Reached XP level 9. HP: 40/49 MP: 13/26
  6607 | D:6      | Found a shimmering altar of Xom.
  6620 | D:6      | Found Katres's Magic Scroll Boutique.
  6629 | D:6      | Bought a scroll of teleportation for 39 gold pieces
  6629 | D:6      | Bought a scroll of blinking for 97 gold pieces
  6629 | D:6      | Bought a scroll of teleportation for 39 gold pieces
  6629 | D:6      | Bought a scroll of identify for 26 gold pieces
  6629 | D:6      | Bought 3 scrolls of identify for 78 gold pieces
  6629 | D:6      | Bought a scroll of identify for 26 gold pieces
  6629 | D:6      | Bought a scroll of identify for 26 gold pieces
  7344 | D:7      | Reached skill level 12 in Spellcasting
  7431 | D:7      | Reached ** piety under Vehumet
  7431 | D:7      | Offered knowledge of Shock by Vehumet.
  7974 | D:8      | Found Meraemin's Weapon Boutique.
  8244 | D:8      | Killed from afar by a steam dragon

Illustrated notes

Levels and vault maps discovered:
D:1:      amcnicky_arrival_single_pillar, layout_basic, serial_curves,
          eino_curves_01, eino_curves_03, eino_curves_01, eino_curves_03
D:2:      cheibrodos_greedy_goblins, layout_loops_ring,
          shapermc_ecumenical_altar_flowoftime, grunt_ministairs_8
D:3:      layout_basic, general_overflow_altar, minmay_crystal_room,
          uniq_sigmund
D:4:      layout_gridville, lemuel_doored_altar, fedhas_altar_3,
          mainiacjoe_overflow_two_lobes, temple_green, uniq_menkaure
D:5:      layout_basic, mainiacjoe_overflow_brackets, chequers_jeans,
          st_stairs_2, minmay_tree_intersection
D:6:      layout_cave_pools, xom_confusion_cloud, serial_shops, shop,
          uniq_blork_the_orc
D:7:      layout_basic, kb_lookout_dungeons_type
D:8:      layout_loops_ring, nicolae_overflow_crystal_walls,
          grunt_lair_entry_orc_guard_hut, serial_shops, shop_statue,
          grunt_ministairs_8
Temple:   nicolae_temple_ecumenical_triangle

Skill      XL: |  1  2  3  4  5  6  7  8  9 |
---------------+----------------------------+-----
Spellcasting   | 5 6 7 8 11 12 | 12.5
Fighting       | 1 2 4 |  4.0
Armour         | 1 2 3 |  3.0
Conjurations   | 2 4 5 6 7 8 |  8.1
Stealth        | 3 |  3.0
Dodging        | 3 |  3.0
Air Magic      | 1 |  1.0
Poison Magic   | 1 |  1.0
Evocations     | 1 |  1.0
Summonings     | |  1.1
Translocations | |  1.1

Action                     |  1- 3 |  4- 6 |  7- 9 || total
---------------------------+-------+-------+-------++-------
  Melee: Dagger            |    13 |    75 |    32 ||   120
         Punch             |       |     2 |     5 ||     7
         Short sword       |       |       |   107 ||   107
   Cast: Magic Dart        |    49 |   153 |   208 ||   410
         Mephitic Cloud    |     2 |     4 |    33 ||    39
         Call Imp          |       |     1 |    14 ||    15
         Blink             |       |       |     5 ||     5
    Use: Scroll            |       |       |    11 ||    11
   Stab: Confused          |     3 |     1 |     8 ||    12
 Armour: Robe              |     6 |    27 |   105 ||   138
  Dodge: Dodged            |     5 |    38 |   118 ||   161
         Repelled          |       |       |     1 ||     1

Table legend: (Time is in decaauts)
 A = Elapsed time spent in this place.
 B = Non-inter-level travel time spent in this place.
 C = Inter-level travel time spent in this place.
 D = Time resting spent in this place.
 E = Time spent auto-exploring this place.
 F = Levels seen in this place.
 G = Mean time per level.
                   A        B        C        D        E       F      G
               +--------+--------+--------+--------+--------+-----+--------+
         Total |   8263 |   7934 |    329 |    353 |   6219 |   9 |  918.1 |
       Dungeon |   8248 |   7919 |    329 |    353 |   6219 |   8 | 1031.0 |
        Temple |     14 |     14 |      0 |      0 |      0 |   1 |   14.0 |
               +--------+--------+--------+--------+--------+-----+--------+

Top non-repeatable levels by time:
     D:2: 1520 daAuts
     D:7: 1325 daAuts
     D:5: 1190 daAuts
     D:1: 1086 daAuts
     D:3: 1035 daAuts
     D:4: 1009 daAuts
     D:6: 964 daAuts
     D:8: 116 daAuts
  Temple: 14 daAuts
